 Dungeon Crawl Stone Soup version 0.29-a0-284-gf9362112df (webtiles) character file.

Game seed: 5184310960756456739

869 AttackTheMoon the Sneak (level 8, -4/54 HPs)
             Began as an Octopode Gladiator on Mar 14, 2022.
             Was a Follower of Wu Jian.
             Slain by an orc warrior
             ... wielding a +0 scimitar
              (16 damage)
             ... on level 5 of the Dungeon.
             The game lasted 00:06:29 (4339 turns).

AttackTheMoon the Sneak (Octopode Gladiator)        Turns: 4339, Time: 00:06:30

Health: -4/54      AC:  2    Str: 13    XL:     8   Next: 3%
Magic:  8/8        EV: 15    Int: 10    God:    Wu Jian [*.....]
Gold:   237        SH:  0    Dex: 16    Spells: 7/7 levels left

rFire   . . .      SeeInvis +   a - +1 rapier (venom)
rCold   . . .      Faith    .   (no shield)
rNeg    + . .      Spirit   .   b - +1 hat
rPois   +          Reflect  .   (no amulet)
rElec   .          Harm     .   f - ring of resist corrosion
rCorr   +          Rampage  .   j - ring of see invisible
Will    .....                   m - ring of positive energy
Stlth   ++++......              p - ring of poison resistance
HPRegen 0.18/turn               (no ring)
MPRegen 0.11/turn               (no ring)
                                (no ring)
                                (no ring)

@: mighty
A: almost no armour, amphibious, 8 rings, camouflage 1, gelatinous body 1,
(nimble swimmer 1), tentacles
a: Renounce Religion


You were on level 5 of the Dungeon.
You worshipped Wu Jian.
Wu Jian was aware of your devotion.
You visited 1 branch of the dungeon, and saw 6 of its levels.

You collected 237 gold pieces.

Inventory:

Hand Weapons
 a - a +1 rapier of venom (weapon)
Missiles
 c - 3 throwing nets
 d - 7 javelins
 o - 5 boomerangs of dispersal
Armour
 b - a +1 hat (worn)
 q - a scarf of repulsion
Jewellery
 f - a ring of resist corrosion (left tentacle)
 j - a ring of see invisible (right tentacle)
 m - a ring of positive energy (on tentacle)
 p - a ring of poison resistance (on tentacle)
Wands
 n - a wand of paralysis (5)
 r - a wand of charming (10)
 u - a wand of iceblast (9) (quivered)
Scrolls
 e - 3 scrolls of noise
 t - 2 scrolls of silence
Potions
 g - a potion of might
 h - 4 potions of curing
 i - a potion of magic {unknown}
 k - a potion of heal wounds {unknown}
 l - 5 potions of lignification
 s - a potion of brilliance {unknown}


   Skills:
 + Level 4.7 Fighting
 + Level 5.2 Short Blades
 - Level 2.0 Throwing
 + Level 5.2 Dodging
 + Level 6.0 Stealth
 + Level 0.9 Evocations


You had 7 spell levels left.
You didn't know any spells.
Your spell library contained the following spells:

 Spells                   Type           Power      Damage    Failure   Level
 Apportation              Tloc           0%         N/A       36%         1
 Dazzling Flash           Conj/Hex       0%         N/A       75%         3
 Agony                    Necr           0%         N/A       100%        5
 Alistair's Intoxication  Tmut/Pois      0%         N/A       100%        5
 Blade Hands              Tmut           0%         N/A       100%        5
 Irradiate                Conj/Tmut      0%         3d13      100%        5
 Silence                  Hex/Air        0%         N/A       100%        5
 Dragon Form              Tmut           0%         N/A       100%        7


Dungeon Overview and Level Annotations

Branches:
Dungeon (6/15)             Temple (0/1) D:4

Altars:
Dithmenos
Hepliaklqana
Ru
Wu Jian


Innate Abilities, Weirdness & Mutations

You cannot wear most types of armour.
You are amphibious.
You can wear up to eight rings at the same time.
Your skin changes colour to match your surroundings (Stealth+).
Your rubbery body absorbs attacks. (AC +1, EV +1)
((You are camouflaged when in or above water. (Stealth+)))
You have tentacles for arms and can constrict up to eight enemies at once.


Message History

No target in view!
No target in view!
No target in view!
No target in view!
No target in view!
No target in view!
No target in view!
No target in view!
No target in view!
No target in view!
You start resting.
HP restored.
You climb downwards.
The kobold misses you. The kobold closely misses you.
The kobold brigand barely misses you.
There is a stone staircase leading up here.
The kobold barely misses you. The kobold misses you.
The kobold brigand misses you.
The orc warrior hits you with a +0 scimitar!
You climb upwards.
There is a stone staircase leading down here.
You miss the kobold brigand. You grab the kobold brigand.
You squeeze the kobold brigand.
The kobold brigand is heavily wounded.
You constrict the kobold brigand. The kobold hits you but does no damage.
The kobold brigand hits you with a +0 dagger.
The orc warrior hits you with a +0 scimitar!
The kobold misses you.
You hit the kobold brigand.
The kobold brigand is poisoned.
The kobold brigand is severely wounded.
You constrict the kobold brigand. The kobold completely misses you.
The kobold brigand hits you with a +0 dagger.
* * * LOW HITPOINT WARNING * * *
The orc warrior misses you. The kobold closely misses you.
Unknown command.
You feel very mighty all of a sudden.
You constrict the kobold brigand. The kobold closely misses you.
The kobold brigand hits you with a +0 dagger.
* * * LOW HITPOINT WARNING * * *
The orc warrior hits you with a +0 scimitar!
You die...

#..............
#..............
#...##.......#≈
######.......≈≈
#...##.......≈.
######.)..........≈≈
##...##............≈.
#..Ko...............≈
######.K@...............≈
#...##...K....#########≈#
#....#........##........#
#..†.#........+..........
#....#........#..........
#....#........#........##
#....#........#........##
#....#........###########
##'###........##.......##


You could see an orc warrior, a kobold brigand (very poisoned) and 2 kobolds.

Vanquished Creatures
  A steam dragon (D:4)
  An acid dragon (D:6)
  An ice beast (D:5)
  2 scorpions (D:5)
  2 hounds
  5 iguanas
  An orc wizard (D:3)
  4 gnolls
  8 adders
  A worm (D:2)
  4 dart slugs
  7 orcs
  12 ball pythons
  12 bats
  10 endoplasms
  5 giant cockroaches
  3 goblins
  4 hobgoblins
  2 jackals (D:4)
  9 kobolds
  5 quokkas
  2 frilled lizards
  4 rats
105 creatures vanquished.

Notes
Turn   | Place    | Note
-------+----------+-------------------------------------------
     0 | D:1      | AttackTheMoon the Octopode Gladiator began the quest for
                  | the Orb.
     0 | D:1      | Reached XP level 1. HP: 14/14 MP: 1/1
   236 | D:1      | Reached skill level 1 in Stealth
   236 | D:1      | Reached XP level 2. HP: 12/19 MP: 2/2
   605 | D:1      | Reached XP level 3. HP: 17/25 MP: 3/3
   800 | D:1      | Found a faded altar of an unknown god.
   828 | D:1      | Reached skill level 2 in Stealth
  1059 | D:2      | Reached XP level 4. HP: 29/30 MP: 4/4
  1969 | D:2      | Reached skill level 3 in Stealth
  2081 | D:3      | Reached XP level 5. HP: 36/36 MP: 5/5
  2324 | D:3      | Found a sacrificial altar of Ru.
  3148 | D:4      | Found an ornate altar of the Wu Jian Council.
  3173 | D:4      | Became a worshipper of the Wu Jian Council
  3194 | D:4      | Reached XP level 6. HP: 42/42 MP: 6/6
  3199 | D:4      | Found a shadowy altar of Dithmenos.
  3199 | D:4      | Noticed a shadow
  3202 | D:4      | Found a hazy altar of Hepliaklqana.
  3235 | D:4      | Found a staircase to the Ecumenical Temple.
  3241 | D:4      | Reached skill level 4 in Stealth
  3406 | D:4      | Noticed a steam dragon
  3410 | D:4      | Killed a steam dragon
  3560 | D:5      | Entered Level 5 of the Dungeon
  3569 | D:5      | Reached XP level 7. HP: 47/47 MP: 7/7
  3693 | D:5      | Reached skill level 5 in Stealth
  3764 | D:5      | Reached * piety under Wu Jian
  3813 | D:5      | Reached skill level 5 in Short Blades
  3813 | D:5      | Reached skill level 5 in Dodging
  4218 | D:6      | Reached skill level 6 in Stealth
  4218 | D:6      | Reached XP level 8. HP: 54/54 MP: 8/8
  4339 | D:5      | Slain by an orc warrior

Illustrated notes

Levels and vault maps discovered:
D:1:      minmay_arrival_diagonal_passages, layout_rooms,
          shapermc_ecumenical_altar_acropolis, minmay_misc_feat_square,
          wander_ebering_terrifying_dragon_lair
D:2:      layout_rooms
D:3:      layout_basic, hangedman_ru_absence, minmay_misc_feat_secret_circle,
          minmay_surrounded
D:4:      kennysheep_six_static_rooms, layout_rooms,
          riverfiend_overflow_shadow_ancestor,
          mainiacjoe_overflow_small_starburst, minmay_temple_entry_slanted
D:5:      layout_gridville, corexii_item_surrounded_by_moat,
          chequers_serial_rivers_marsh
D:6:      layout_rooms, kennysheep_mini, mainiacjoe_overflow_catwalk_spiral

Skill      XL: |  1  2  3  4  5  6  7 |
---------------+----------------------+-----
Stealth        | 1 2 3 4 6 |  6.0
Fighting       | 3 4 |  4.7
Dodging        | 4 5 |  5.2
Short Blades   | 4 5 |  5.2
Throwing       | |  2.0
Evocations     | |  0.9

Action                   |  1- 3 |  4- 6 |  7- 9 || total
-------------------------+-------+-------+-------++-------
Melee: Rapier            |    59 |    91 |    29 ||   179
       Constrict         |    13 |    28 |     8 ||    49
       Tentacles         |     5 |    20 |     9 ||    34
       Punch             |       |     2 |       ||     2
Invok: Lunge             |       |     9 |     2 ||    11
       Whirlwind         |       |       |     2 ||     2
  Use: Scroll            |     1 |     9 |     2 ||    12
       Potion            |       |       |     1 ||     1
 Stab: Sleeping          |    11 |    15 |     6 ||    32
       Distracted        |       |     1 |       ||     1
Armor: Skin              |    10 |     8 |     4 ||    22
Dodge: Dodged            |    37 |    67 |    20 ||   124

Table legend: (Time is in decaauts)
 A = Elapsed time spent in this place.
 B = Non-inter-level travel time spent in this place.
 C = Inter-level travel time spent in this place.
 D = Time resting spent in this place.
 E = Time spent auto-exploring this place.
 F = Levels seen in this place.
 G = Mean time per level.
                   A        B        C        D        E       F      G
               +--------+--------+--------+--------+--------+-----+--------+
         Total |   4341 |   4188 |    153 |     95 |   3361 |   6 |  723.5 |
       Dungeon |   4341 |   4188 |    153 |     95 |   3361 |   6 |  723.5 |
               +--------+--------+--------+--------+--------+-----+--------+

Top non-repeatable levels by time:
     D:2: 1039 daAuts
     D:1: 1013 daAuts
     D:3: 959 daAuts
     D:5: 754 daAuts
     D:4: 549 daAuts
     D:6: 25 daAuts
